Map: Blackpink LE

Players

Zanster

  • Race: Zerg Zerg
  • Spawn Location: 7:00

iGXY (XY) - Winner!

  • Race: Terran Terran
  • Spawn Location: 1:00

Event: WCS Leipzig 2018

VOD

Have the link to the VOD?

Description

Time

  • Played on: Jan. 26, 2018, 1:48 p.m.
  • Length: 11:54

All games in this series

Show
View Real Time Build Order
Export as new Build Order

Zanster Zerg 

Build Orders: Pool First 

Get SALT Encoding   

  12  0:00  Drone  
  13  0:12  Overlord  
  13  0:18  Drone  
  14  0:31  Drone x2  
  14  0:34  Drone  
  17  0:45  Drone, Extractor  
  17  0:50  Spawning Pool  
  17  0:56  Drone  
  17  1:07  Drone  
  18  1:18  Hatchery  
  17  1:21  Drone  
  18  1:37  Queen  
  21  1:40  Zergling x4  
  21  1:45  Metabolic Boost  
  22  1:52  Overlord  
  22  2:12  Drone x2  
  22  2:13  Queen  
  26  2:22  Drone  
  27  2:28  Roach Warren  
  27  2:29  Drone  
  27  2:33  Drone  
  28  2:41  Drone  
  29  2:45  Drone  
  29  2:47  Drone  
  29  2:49  Overlord  
  29  2:51  Drone  
  31  3:02  Zergling x4  
  31  3:05  Zergling x2  
  34  3:13  Overlord  
  34  3:23  Roach x5  
  43  3:39  Zergling x8  
  47  3:42  Zergling x4  
  47  3:44  Overlord  
  47  3:45  Ravager  
  50  3:51  Ravager  
  51  3:59  Overlord  
  51  4:02  Ravager  
  52  4:04  Zergling x14  
  59  4:17  Overlord  
  59  4:27  Drone  
  59  4:28  Drone x6  
  65  4:32  Drone  
  65  4:33  Drone  
  65  4:35  Lair  
  67  4:40  Drone  
  67  4:45  Drone x2  
  68  4:54  Drone x2  
  62  5:03  Drone x2  
  62  5:06  Drone x5  
  57  5:08  Drone, Queen  
  57  5:10  Extractor  
  57  5:11  Extractor  
  57  5:13  Evolution Chamber  
  52  5:14  Drone  
  52  5:16  Spore Crawler  
  52  5:19  Drone  
  51  5:32  Hatchery  
  50  5:38  Zerg Missile Weapons Level 1  
  50  5:40  Drone x5  
  55  5:43  Extractor, Hydralisk Den  
  55  5:48  Drone x4  
  57  5:50  Overseer  
  57  5:55  Overlord  
  57  6:00  Overlord  
  57  6:05  Zergling x2  
  57  6:08  Zergling x2  
  57  6:09  Zergling x10  
  64  6:13  Muscular Augments  
  64  6:18  Zergling x4  
  66  6:24  Overlord  
  66  6:29  Roach  
  68  6:38  Hydralisk x3  
  68  6:39  Roach x2  
  78  6:43  Roach x3  
  84  6:51  Overlord  
  80  6:58  Hydralisk  
  71  7:03  Hydralisk  
  71  7:04  Hydralisk  
  69  7:10  Drone x4  
  69  7:15  Drone x3  
  68  7:16  Drone  
  71  7:22  Queen  
  73  7:36  Zerg Missile Weapons Level 2  
  73  7:41  Hatchery  
  72  7:46  Hydralisk x3  
  76  8:02  Drone x5  
  76  8:04  Glial Reconstitution  
  78  8:06  Queen  
  80  8:16  Hydralisk x2  
  80  8:19  Hydralisk  
  74  8:28  Infestation Pit  
  74  8:30  Hydralisk  
  74  8:32  Hydralisk  
  77  8:39  Hydralisk x2  
  81  8:43  Hatchery  
  80  8:49  Drone  
  80  8:52  Drone x4  
  80  8:53  Drone  
  86  9:01  Drone  
  86  9:02  Drone  
  88  9:04  Drone  
  88  9:06  Overlord  
  88  9:08  Hive  
  89  9:11  Drone, Extractor  
  89  9:12  Extractor  
  89  9:13  Roach  
  90  9:18  Overlord  
  90  9:19  Overlord  
  90  9:25  Overseer  
  90  9:26  Queen  
  92  9:34  Drone x6  
  98  9:45  Drone x4  
  101  9:46  Drone  
  101  9:48  Drone, Hatchery  
  101  9:50  Drone  
  101  9:51  Drone  
  101  9:52  Drone  
  106  9:53  Drone  
  106  9:57  Overlord  
  106  9:58  Roach  
  109  10:00  Roach  
  109  10:01  Roach  
  109  10:05  Roach  
  115  10:09  Overlord  
  115  10:14  Roach x2  
  119  10:24  Roach x5  
  119  10:26  Overlord x4  
  127  10:29  Ravager x2  
  127  10:32  Viper  
  127  10:35  Ravager, Overlord  
  136  10:45  Overlord  
  136  10:49  Viper x2  
  142  10:51  Roach x3  
  142  10:53  Roach  
  142  10:54  Ravager  
  155  11:02  Roach  
  155  11:03  Roach x6  
  162  11:09  Overlord  
  162  11:13  Roach  
  162  11:14  Roach  
  166  11:20  Roach  
  166  11:23  Roach  
  164  11:30  Roach x2  
Show
View Real Time Build Order
Export as new Build Order

iGXY Terran - Winner!

Build Orders: Reaper Expand, Hellion Banshee, Mech 

Get SALT Encoding   

  12  0:00  SCV  
  13  0:12  SCV  
  14  0:17  Supply Depot  
  14  0:24  SCV  
  15  0:38  SCV  
  15  0:39  Barracks  
  16  0:42  Refinery  
  16  0:50  SCV  
  17  1:02  SCV  
  18  1:15  SCV  
  19  1:26  Reaper  
  19  1:27  Orbital Command  
  20  1:37  Command Center  
  20  1:52  SCV, Supply Depot  
  21  1:58  Marine  
  22  2:04  SCV  
  22  2:07  Factory  
  23  2:09  Refinery  
  23  2:16  SCV  
  23  2:19  Barracks Reactor  
  24  2:28  SCV  
  25  2:40  SCV  
  26  2:52  SCV  
  26  2:53  Starport  
  26  2:59  Orbital Command  
  26  3:01  Hellion x2  
  26  3:04  SCV  
  26  3:05  Barracks Tech Lab  
  30  3:17  SCV  
  31  3:23  Hellion x2  
  35  3:29  SCV  
  35  3:30  SCV  
  37  3:41  SCV  
  38  3:42  SCV  
  38  3:44  Hellion x2  
  38  3:46  Supply Depot  
  45  3:53  SCV  
  46  3:57  Armory  
  46  4:01  Supply Depot  
  46  4:07  Banshee  
  46  4:08  Cyclone  
  50  4:10  Cyclone  
  53  4:20  Supply Depot  
  53  4:21  Supply Depot  
  52  4:37  Supply Depot  
  52  4:41  Hellion  
  52  4:42  Hellion  
  52  4:48  SCV  
  52  4:52  Banshee  
  53  4:55  SCV  
  52  5:00  SCV  
  52  5:02  Hellion  
  52  5:04  Hellion  
  49  5:07  SCV  
  49  5:12  SCV  
  47  5:19  SCV  
  48  5:24  Hellion, SCV  
  48  5:25  Hellion  
  53  5:32  SCV  
  54  5:36  SCV  
  55  5:44  SCV  
  55  5:46  Hellion x2  
  55  5:49  SCV  
  61  5:52  Command Center  
  61  5:56  SCV  
  62  6:02  Supply Depot  
  62  6:10  SCV x2, Viking  
  62  6:11  Hellion x2  
  70  6:13  Armory  
  70  6:15  Refinery  
  70  6:17  Refinery  
  70  6:23  SCV x2  
  70  6:25  Supply Depot  
  72  6:32  Factory x2  
  72  6:35  SCV x2  
  72  6:39  Hellion x2  
  78  6:47  SCV x2  
  80  6:55  Engineering Bay  
  80  6:58  Hellion x2  
  80  6:59  SCV x2  
  82  7:04  Hellion x2  
  77  7:12  SCV x2, Terran Vehicle And Ship Armor Level 1, Terran Vehicle Weapons Level 1  
  77  7:13  Orbital Command  
  67  7:18  Factory Tech Lab, Starport Reactor  
  67  7:23  Infernal Pre-Igniter, Siege Tank  
  67  7:26  Hellion x2  
  74  7:32  Factory  
  74  7:36  Siege Tank  
  75  7:37  Factory  
  75  7:47  Hellion x2  
  79  7:55  Siege Tank  
  82  8:04  Orbital Command  
  78  8:08  Siege Tank  
  78  8:09  Hellion x2  
  78  8:12  SCV x2  
  77  8:22  Factory Tech Lab  
  77  8:24  SCV x2, Factory Reactor  
  76  8:27  Siege Tank  
  76  8:30  Refinery, Hellion x2  
  83  8:34  SCV  
  83  8:36  SCV x2  
  83  8:40  Siege Tank  
  92  8:44  Refinery  
  92  8:47  SCV  
  92  8:48  SCV x2  
  94  8:51  Hellion  
  94  8:54  Hellion  
  95  8:59  SCV, Siege Tank  
  99  9:06  Hellion  
  99  9:08  Terran Vehicle Weapons Level 2  
  99  9:09  Supply Depot  
  101  9:10  Supply Depot x2  
  101  9:11  Hellion  
  101  9:12  Terran Vehicle And Ship Armor Level 2  
  101  9:16  Supply Depot  
  100  9:17  Supply Depot  
  100  9:18  Supply Depot  
  100  9:25  Hellion x4, SCV  
  100  9:26  Supply Depot  
  100  9:27  Supply Depot  
  100  9:28  Supply Depot  
  100  9:31  SCV x2, Hellion, Viking x2  
  117  9:32  Hellion  
  117  9:36  Smart Servos  
  117  9:37  Siege Tank  
  122  9:46  Hellion, Siege Tank  
  122  9:51  Hellion  
  122  9:52  Supply Depot  
  129  9:53  Siege Tank  
  129  9:54  Hellion  
  134  10:06  Viking x2  
  138  10:08  Hellion  
  138  10:09  Hellion  
  138  10:10  Siege Tank  
  145  10:18  Siege Tank  
  145  10:19  Hellion x2  
  152  10:26  Siege Tank  
  155  10:30  Hellion  
  155  10:31  Hellion  
  159  10:42  Command Center  
  159  10:46  Siege Tank  
  159  10:47  Hellion x2  
  166  10:51  Hellion  
  166  10:53  Supply Depot  
  166  10:57  Hellion x2  
  172  10:58  Siege Tank  
  174  11:11  Hellion x2  
  176  11:12  Siege Tank  
  174  11:32  Hellion  
  174  11:33  Hellion  
Tags
 
Add a new tag
Caveats
  • Supply blocks, unpowered buildings, or Contaminate may cause inaccurate times.
  • Supply counts are checked every 10 seconds.